 Dungeon Crawl Stone Soup version 0.28.0-53-g5a82cb258f (webtiles) character file.

Game seed: 17190275537168526539

67 pkoi the Ruffian (level 3, 0/28 (29) HPs)
             Began as a Demigod Gladiator on May 31, 2022.
             Slain by an iguana (9 damage)
             ... on level 3 of the Dungeon.
             The game lasted 00:03:47 (3799 turns).

pkoi the Ruffian (Demigod Gladiator)                Turns: 3799, Time: 00:03:48

HP:   0/28 (29)     AC:  6    Str: 19    XL:     3   Next: 70%
MP:   5/5           EV: 12    Int: 10    God:
Gold: 113           SH:  0    Dex: 15    Spells: 2/2 levels left

rFire   . . .      SeeInvis .   f - +1 whip
rCold   . . .      Faith    .   (no shield)
rNeg    . . .      Spirit   .   o - +0 leather armour {rPois}
rPois   +          Reflect  .   b - +1 helmet
rElec   .          Harm     .   (no cloak)
rCorr   .          Rampage  .   (no gloves)
Will    .....                   i - +0 pair of boots
Stlth   +.........              (no amulet)
HPRegen 0.09/turn               (no ring)
MPRegen 0.09/turn               (no ring)

@: lightly drained
A: high MP 1, forlorn, divine attributes
a: no special abilities


You were on level 3 of the Dungeon.
You visited 1 branch of the dungeon, and saw 3 of its levels.

You collected 113 gold pieces.

Inventory:

Hand Weapons
 f - a +1 whip (weapon)
 n - a +0 whip of draining
Missiles
 c - 2 throwing nets (quivered)
 m - 6 poisoned darts
Armour
 a - a +0 leather armour
 b - a +1 helmet (worn)
 h - a +0 plate armour
 i - a +0 pair of boots (worn)
 o - a +0 leather armour of poison resistance (worn)
Scrolls
 g - a scroll of blinking {unknown}
 j - a scroll of immolation {unknown}
 l - a scroll of fog {unknown}
Potions
 d - a potion of flight
 e - 2 potions of curing
 k - a potion of attraction


   Skills:
 - Level 1.7 Fighting
 - Level 1.7 Throwing
 - Level 2.6 Dodging
 + Level 4.4 Unarmed Combat


You had 2 spell levels left.
You didn't know any spells.
Your spell library was empty.

Dungeon Overview and Level Annotations

Branches:
Dungeon (3/15)

Shops:
D:1 =[([!


Innate Abilities, Weirdness & Mutations

You have an increased reservoir of magic. (+10% MP)
You shall have no god before yourself.
Your divine heritage dramatically boosts your attributes as you level up.


Message History

You hit the orc.
You kill the orc!
Items here: ( )) ††.
Items here: ( )) ††.
Things that are here:
a +0 whip of draining; a +0 leather armour of poison resistance; a +0 club
n - a +0 whip of draining
o - a +0 leather armour of poison resistance You start resting.
HP restored.
You start waiting.
Done waiting.
You start removing your armour.
You continue taking off your +0 plate armour. x4
You finish taking off your +0 plate armour.
You start putting on your armour.
You continue putting on your +0 leather armour of poison resistance. x5
You finish putting on your +0 leather armour of poison resistance.
You feel resistant to poison.
Unknown command.
Unknown command.
Items here: ( )) ††.
Found a stone staircase leading up.
You see here 18 stones.
Key pressed, stopping explore.
You now have 113 gold pieces (gained 12).
Found a stone staircase leading up.
You see here a +0 short sword.
You see here a +0 leather armour.
You see here a +0 short sword.
The iguana hisses angrily.
The iguana bites you!
* * * LOW HITPOINT WARNING * * *
You hit the iguana but do no damage. The iguana bites you!
* * * LOW HITPOINT WARNING * * *
You barely miss the iguana. Your punch misses the iguana. The iguana bites you.
* * * LOW HITPOINT WARNING * * *
The iguana bites you but does no damage.
You hit the iguana but do no damage. The iguana bites you!
You die...

#.............##.
#.............##.
#.............##.
#.............##.
#.............###
##.............###
#.......>.........
#..............###
#@######...>..##
#l# #...###.# #.#
#.#.# #.#
#.#####.#.# #.#
#.......#.###.#
#########.....#
#######


You could see an iguana.

Vanquished Creatures
  An adder (D:3)
  A worm (D:3)
  A dart slug (D:1)
  4 orcs (D:3)
  A bat (D:3)
  5 endoplasms
  4 goblins
  8 hobgoblins
  2 jackals (D:1)
  5 ball pythons
  3 frilled lizards
  7 kobolds
  4 rats
46 creatures vanquished.

Notes
Turn   | Place    | Note
-------+----------+-------------------------------------------
     0 | D:1      | pkoi the Demigod Gladiator began the quest for the Orb.
     0 | D:1      | Reached XP level 1. HP: 17/17 MP: 3/3
   300 | D:1      | Reached skill level 3 in Unarmed Combat
   526 | D:1      | Found Goew's Antique Armour Emporium.
   609 | D:1      | Found Mewew's Antique Armour Shoppe.
   617 | D:1      | Found Ceoh's Antique Weapon Shop.
   642 | D:1      | Reached XP level 2. HP: 18/24 MP: 4/4
  1033 | D:1      | Found Iderupt's Distillery.
  1519 | D:1      | Found Ycuda's Jewellery Boutique.
  2206 | D:2      | Reached XP level 3. HP: 29/29 MP: 5/5
  2380 | D:3      | Reached skill level 4 in Unarmed Combat
  3799 | D:3      | Slain by an iguana

Illustrated notes

Levels and vault maps discovered:
D:1:      eino_arrival_tree_alley, layout_basic, serial_shops,
          nicolae_shop_crystal, nicolae_shop_temple_entry_statues_fountains,
          shop, nicolae_shop_stone, shop_statue, minmay_door_square,
          serial_bayou_pond_d
D:2:      layout_loops_cross, ebering_ecumenical_altar_ruins
D:3:      layout_basic, mainiacjoe_overflow_concentric_impassable

Skill      XL: |  1  2  3 |
---------------+----------+-----
Unarmed Combat | 3 4 |  4.4
Fighting       | |  1.7
Throwing       | |  1.7
Dodging        | |  2.6

Action                   || total
-------------------------++-------
Melee: Whip              ||   157
       Unarmed           ||    16
       Punch             ||     4
Throw: Throwing net      ||     1
  Use: Scroll            ||     6
 Stab: Sleeping          ||     3
Armor: Leather armour    ||    31
       Plate armour      ||    29
Dodge: Dodged            ||    86
